3L
CAPITAL DISTRICT RED KNIGHTS @ ROCKY MOUNTAIN NUGGETS
08/29/2025
 
TOP OF THE 1ST
Capital District Red Knights batting - Pitching for Rocky Mountain Nuggets : RHP Félix Jiménez
Pitching: RHP Félix Jiménez
Batting: RHB Danilo Mosca 0-0: Ball
1-0: Ball
2-0: Ball
3-0: Base on Balls
Batting: LHB Peter Paul 0-0: Ground out 4-3 (Groundball, 34D)
Danilo Mosca to second
Batting: RHB Sergio Ortíz 0-0: Called Strike
0-1: Swinging Strike
0-2: Strikes out swinging
Batting: RHB Barry Dempsey 0-0: Ball
1-0: Ball
2-0: Called Strike
2-1: Foul Ball, location: 2F
2-2: Ball
3-2: Foul Ball, location: 2F
3-2: Base on Balls
Batting: LHB Mike Cook 0-0: Ball
1-0: Swinging Strike
1-1: Ball
2-1: Ball
3-1: Swinging Strike
3-2: Ground out 4-3 (Groundball, 4)
Top of the 1st over - 0 run(s), 0 hit(s), 0 error(s), 2 left on base; Capital District 0 - Rocky Mountain 0
BOTTOM OF THE 1ST
Rocky Mountain Nuggets batting - Pitching for Capital District Red Knights : RHP Leroy Moody
Pitching: RHP Leroy Moody
Batting: LHB Juan Ríos 0-0: Ball
1-0: Ball
2-0: Ball
3-0: Base on Balls
Batting: RHB Iván Vega 0-0: Ball
1-0: Ball
2-0: Ball
3-0: Called Strike
3-1: Base on Balls
Juan Ríos to second
Batting: LHB Javier Sánchez 0-0: Ball
1-0: Foul Ball, location: 2F
1-1: DOUBLE (Line Drive, 9LM)
Juan Ríos scores
Iván Vega to third
Batting: RHB Andrés Rodríguez 0-0: Called Strike
0-1: Swinging Strike
0-2: Ball
1-2: Strikes out swinging
Batting: LHB Randy Bowen 0-0: Ball
1-0: Ball
2-0: Ball
3-0: Foul Ball, location: 2F
3-1: Foul Ball, location: 2F
3-2: SINGLE (Line Drive, 34D)
Iván Vega scores
Javier Sánchez to third
Batting: RHB Paul Smith 0-0: Called Strike
0-1: Foul Ball, location: 2F
0-2: SINGLE (Groundball, 56D)
Javier Sánchez scores
Randy Bowen to second
Batting: RHB Gary Chalmers Error on foul ball, E9
0-1: Fly out, F9 (Flyball, 9)
Batting: RHB Javier Martínez 0-0: Ball
Wild Pitch!
Randy Bowen to third
Paul Smith to second
1-0: Ball
2-0: Ball
3-0: Base on Balls
Batting: RHB Mark Melton 0-0: Reached on error, E4 (Groundball, 4)
Randy Bowen scores
Paul Smith to third
Javier Martínez to second
Batting: LHB Juan Ríos 0-0: Called Strike
0-1: Swinging Strike
0-2: Foul Ball, location: 2F
0-2: Ball
1-2: Ball
2-2: Ball
3-2: Foul Ball, location: 2F
3-2: Base on Balls
Paul Smith scores
Javier Martínez to third
Mark Melton to second
Batting: RHB Iván Vega 0-0: Called Strike
0-1: Fly out, F6 (Popup, 56D)
Bottom of the 1st over - 5 run(s), 3 hit(s), 2 error(s), 3 left on base; Capital District 0 - Rocky Mountain 5
TOP OF THE 2ND
Capital District Red Knights batting - Pitching for Rocky Mountain Nuggets : RHP Félix Jiménez
Batting: RHB José Paz 0-0: Ball
1-0: Ball
2-0: Foul Ball, location: 2F
2-1: Foul Ball, location: 2F
2-2: Foul Ball, location: 2F
2-2: Strikes out swinging
Batting: RHB Reggie Kahn 0-0: SINGLE (Line Drive, 78S)
Batting: RHB Alfonso Enríquez 0-0: Ball
1-0: Called Strike
1-1: Called Strike
1-2: Foul Ball, location: 2F
1-2: Strikes out looking
Batting: SHB Bernardo Hernández 0-0: Ball
1-0: Ball
2-0: Ball
3-0: Called Strike
3-1: Swinging Strike
3-2: Strikes out swinging
Top of the 2nd over - 0 run(s), 1 hit(s), 0 error(s), 1 left on base; Capital District 0 - Rocky Mountain 5
BOTTOM OF THE 2ND
Rocky Mountain Nuggets batting - Pitching for Capital District Red Knights : RHP Leroy Moody
Batting: LHB Javier Sánchez 0-0: Swinging Strike
0-1: Ball
1-1: Swinging Strike
1-2: Fly out, F9 (Line Drive, 9)
Batting: RHB Andrés Rodríguez 0-0: Ball
1-0: Called Strike
1-1: Foul Ball, location: 2F
1-2: Strikes out looking
Batting: LHB Randy Bowen 0-0: Ball
1-0: Ball
2-0: Ground out 1-3 (Groundball, 13S)
Bottom of the 2nd over - 0 run(s), 0 hit(s), 0 error(s), 0 left on base; Capital District 0 - Rocky Mountain 5
TOP OF THE 3RD
Capital District Red Knights batting - Pitching for Rocky Mountain Nuggets : RHP Félix Jiménez
Batting: RHB Danilo Mosca 0-0: SINGLE (Line Drive, 6MD)
Batting: LHB Peter Paul 0-0: Called Strike
0-1: Swinging Strike
0-2: Ball
1-2: SINGLE (Groundball, 3D)
Danilo Mosca to second
Runner from 2nd tries for 3rd, SAFE, no throw
Batting: RHB Sergio Ortíz 0-0: Ball
1-0: Ball
2-0: Fly out, F8 (Flyball, 8RM)
Runner from 3rd tags up, SCORES, no throw
Batting: RHB Barry Dempsey 0-0: Ball
1-0: Called Strike
1-1: Ball
2-1: Grounds into double play, 5-4-3 (Groundball, 56)
Top of the 3rd over - 1 run(s), 2 hit(s), 0 error(s), 0 left on base; Capital District 1 - Rocky Mountain 5
BOTTOM OF THE 3RD
Rocky Mountain Nuggets batting - Pitching for Capital District Red Knights : RHP Leroy Moody
Batting: RHB Paul Smith 0-0: Foul Ball, location: 2F
0-1: Swinging Strike
0-2: Strikes out swinging, 2-3 out at first.
Batting: RHB Gary Chalmers 0-0: Ball
1-0: Called Strike
1-1: Foul Ball, location: 2F
1-2: Strikes out looking
Batting: RHB Javier Martínez 0-0: Ball
1-0: Ball
2-0: Ball
3-0: Base on Balls
Batting: RHB Mark Melton 0-0: Called Strike
0-1: Ball
1-1: Called Strike
1-2: Foul Ball, location: 2F
1-2: Foul Ball, location: 2F
1-2: Ball
2-2: Foul Ball, location: 2F
2-2: Ball
Javier Martínez steals 2nd base
3-2: Foul Ball, location: 2F
3-2: Ground out 6-3 (Groundball, 6)
Bottom of the 3rd over - 0 run(s), 0 hit(s), 0 error(s), 1 left on base; Capital District 1 - Rocky Mountain 5
TOP OF THE 4TH
Capital District Red Knights batting - Pitching for Rocky Mountain Nuggets : RHP Félix Jiménez
Batting: LHB Mike Cook 0-0: Ball
1-0: Called Strike
1-1: Foul Ball, location: 2F
1-2: Ball
2-2: Ball
3-2: Strikes out swinging
Batting: RHB José Paz 0-0: Called Strike
0-1: Foul Ball, location: 2F
0-2: Ball
1-2: Strikes out looking
Batting: RHB Reggie Kahn 0-0: Ball
1-0: Swinging Strike
1-1: Swinging Strike
1-2: Ball
2-2: Strikes out swinging
Top of the 4th over - 0 run(s), 0 hit(s), 0 error(s), 0 left on base; Capital District 1 - Rocky Mountain 5
BOTTOM OF THE 4TH
Rocky Mountain Nuggets batting - Pitching for Capital District Red Knights : RHP Leroy Moody
Batting: LHB Juan Ríos 0-0: Ground out 4-3 (Groundball, 4)
Batting: RHB Iván Vega 0-0: Called Strike
0-1: Ball
1-1: Ground out 6-3 (Groundball, 6)
Batting: LHB Javier Sánchez 0-0: Called Strike
0-1: Ball
1-1: Swinging Strike
1-2: Ball
2-2: Ground out 3-1 (Groundball, 34S)
Bottom of the 4th over - 0 run(s), 0 hit(s), 0 error(s), 0 left on base; Capital District 1 - Rocky Mountain 5
TOP OF THE 5TH
Capital District Red Knights batting - Pitching for Rocky Mountain Nuggets : RHP Félix Jiménez
Batting: RHB Alfonso Enríquez 0-0: Ball
1-0: Ball
2-0: Foul Ball, location: 2F
2-1: Ball
3-1: Base on Balls
Batting: SHB Bernardo Hernández 0-0: Ball
1-0: Swinging Strike
1-1: Swinging Strike
1-2: Strikes out swinging
Batting: RHB Danilo Mosca 0-0: Swinging Strike
0-1: Ball
1-1: Ball
2-1: Foul Ball, location: 2F
2-2: Strikes out looking
Batting: LHB Peter Paul 0-0: Swinging Strike
0-1: Ball
1-1: Called Strike
1-2: Strikes out swinging
Top of the 5th over - 0 run(s), 0 hit(s), 0 error(s), 1 left on base; Capital District 1 - Rocky Mountain 5
BOTTOM OF THE 5TH
Rocky Mountain Nuggets batting - Pitching for Capital District Red Knights : RHP Leroy Moody
Batting: RHB Andrés Rodríguez 0-0: Swinging Strike
0-1: Ball
1-1: Ball
2-1: Foul Ball, location: 2F
2-2: SINGLE (Line Drive, 6D)
Batting: LHB Randy Bowen 0-0: Fly out, F8 (Line Drive, 78M)
Batting: RHB Paul Smith 0-0: Ball
1-0: Ball
2-0: Called Strike
2-1: Called Strike
2-2: Grounds into double play, 6-4-3 (Groundball, 6)
Bottom of the 5th over - 0 run(s), 1 hit(s), 0 error(s), 0 left on base; Capital District 1 - Rocky Mountain 5
TOP OF THE 6TH
Capital District Red Knights batting - Pitching for Rocky Mountain Nuggets : RHP Félix Jiménez
Batting: RHB Sergio Ortíz 0-0: Ball
1-0: Ground out 4-3 (Groundball, 4)
Batting: RHB Barry Dempsey 0-0: Ball
1-0: Swinging Strike
1-1: Foul Ball, location: 2F
1-2: Strikes out looking
Batting: LHB Mike Cook 0-0: Ball
1-0: Swinging Strike
1-1: Foul Ball, location: 2F
1-2: Foul Ball, location: 2F
1-2: Fly out, F8 (Flyball, 8RD)
Top of the 6th over - 0 run(s), 0 hit(s), 0 error(s), 0 left on base; Capital District 1 - Rocky Mountain 5
BOTTOM OF THE 6TH
Rocky Mountain Nuggets batting - Pitching for Capital District Red Knights : RHP Leroy Moody
Batting: RHB Gary Chalmers 0-0: Called Strike
0-1: Ball
1-1: DOUBLE (Flyball, 78XD)
Batting: RHB Javier Martínez 0-0: Ball
1-0: Ball
2-0: Foul Ball, location: 2F
2-1: Reached on error, E7 (Flyball, 7)
Gary Chalmers to third
Batting: RHB Mark Melton 0-0: Called Strike
0-1: Ball
1-1: Foul Ball, location: 2F
1-2: Ball
2-2: Ball
3-2: Grounds into double play, 6-4-3 (Groundball, 6)
Gary Chalmers scores
Pitching: RHP José Trujillo
Batting: LHB Juan Ríos 0-0: Ball
1-0: Called Strike
1-1: Ball
2-1: SINGLE (Groundball, 56D)
Batting: RHB Iván Vega 0-0: Swinging Strike
0-1: Called Strike
0-2: Strikes out looking
Bottom of the 6th over - 1 run(s), 2 hit(s), 1 error(s), 1 left on base; Capital District 1 - Rocky Mountain 6
TOP OF THE 7TH
Capital District Red Knights batting - Pitching for Rocky Mountain Nuggets : RHP Félix Jiménez
Now at C: Juan Sánchez
Batting: RHB José Paz 0-0: Swinging Strike
0-1: Foul Ball, location: 2F
0-2: Ball
1-2: Fly out, F9 (Line Drive, 9S)
Batting: RHB Reggie Kahn 0-0: Ball
1-0: Ground out 4-3 (Groundball, 4M)
Batting: RHB Alfonso Enríquez 0-0: Ball
1-0: Foul Ball, location: 2F
1-1: Swinging Strike
1-2: Strikes out looking
Top of the 7th over - 0 run(s), 0 hit(s), 0 error(s), 0 left on base; Capital District 1 - Rocky Mountain 6
BOTTOM OF THE 7TH
Rocky Mountain Nuggets batting - Pitching for Capital District Red Knights : RHP José Trujillo
Batting: LHB Javier Sánchez 0-0: Ball
1-0: Fly out, F9 (Flyball, 9D)
Batting: RHB Andrés Rodríguez 0-0: Called Strike
0-1: SINGLE (Line Drive, 9LS)
Batting: LHB Randy Bowen 0-0: Ball
1-0: Called Strike
1-1: Fly out, F7 (Flyball, 78M)
Batting: RHB Paul Smith 0-0: Called Strike
Andrés Rodríguez is caught stealing 2nd base
Bottom of the 7th over - 0 run(s), 1 hit(s), 0 error(s), 0 left on base; Capital District 1 - Rocky Mountain 6
TOP OF THE 8TH
Capital District Red Knights batting - Pitching for Rocky Mountain Nuggets : RHP Félix Jiménez
Pitching: RHP Ricardo Campos
Batting: SHB Bernardo Hernández 0-0: Ball
1-0: Called Strike
1-1: Ball
2-1: Ball
3-1: Base on Balls
Batting: RHB Danilo Mosca 0-0: Fly out, F9 (Flyball, 9)
Batting: LHB Peter Paul 0-0: Called Strike
0-1: Ball
1-1: Ball
2-1: Called Strike
2-2: Strikes out swinging
Batting: RHB Sergio Ortíz 0-0: Ball
1-0: Fielders Choice at 2nd, 6-4 (Groundball, 6)
Top of the 8th over - 0 run(s), 0 hit(s), 0 error(s), 0 left on base; Capital District 1 - Rocky Mountain 6
BOTTOM OF THE 8TH
Rocky Mountain Nuggets batting - Pitching for Capital District Red Knights : RHP José Trujillo
Batting: RHB Paul Smith 0-0: Foul Ball, location: 2F
0-1: Foul Ball, location: 2F
0-2: Fly out, F7 (Flyball, 7LM)
Batting: SHB Juan Sánchez 0-0: SINGLE (Groundball, 34D)
Batting: RHB Javier Martínez 0-0: Ball
1-0: Foul Ball, location: 2F
1-1: Swinging Strike
1-2: Foul Ball, location: 2F
1-2: Strikes out swinging
Batting: RHB Mark Melton 0-0: Foul Ball, location: 2F
0-1: Ball
1-1: Fly out, F1 (Line Drive, 13S)
Bottom of the 8th over - 0 run(s), 1 hit(s), 0 error(s), 1 left on base; Capital District 1 - Rocky Mountain 6
TOP OF THE 9TH
Capital District Red Knights batting - Pitching for Rocky Mountain Nuggets : RHP Ricardo Campos
Batting: RHB Barry Dempsey 0-0: Ball
1-0: Called Strike
1-1: Fly out, F7 (Line Drive, 7)
Batting: LHB Mike Cook 0-0: Called Strike
0-1: Ball
1-1: Foul Ball, location: 2F
1-2: Strikes out looking
Batting: RHB José Paz 0-0: Ball
1-0: Ball
2-0: Ball
3-0: Called Strike
3-1: Called Strike
3-2: Ground out 4-3 (Groundball, 4M)
Top of the 9th over - 0 run(s), 0 hit(s), 0 error(s), 0 left on base; Capital District 1 - Rocky Mountain 6
Friday, December 30th, 2016 - OOTP Baseball 17.12 Build 75